 Dungeon Crawl Stone Soup version 0.28.0-45-g0d030f2227 (webtiles) character file.

Game seed: 1604135849541035930

29588 CryoSword the Geomancer (level 13, -19/79 HPs)
             Began as a Gargoyle Earth Elementalist on Apr 15, 2022.
             Was an Elder of the Shining One.
             Demolished by a boulder beetle (49 damage)
             ... on level 2 of the Lair of Beasts on Apr 16, 2022.
             The game lasted 00:27:03 (17287 turns).

CryoSword the Geomancer (GrEE)                     Turns: 17287, Time: 00:27:03

Health: -19/79     AC: 22    Str: 17    XL:     13   Next: 46%
Magic:  11/19      EV: 11    Int: 28    God:    the Shining One [****..]
Gold:   989        SH:  8    Dex: 10    Spells: 9/20 levels left

rFire   . . .      SeeInvis .   w - +5 whip (elec)
rCold   . . .      Faith    .   (no shield)
rNeg    + + +      Spirit   .   K - +4 ring mail {rPois}
rPois   ∞          Reflect  .   (no helmet)
rElec   +          Harm     .   f - +0 cloak
rCorr   .          Rampage  .   (no gloves)
Will    .....                   G - +0 pair of boots
Stlth   +.........              l - amulet of magic regeneration
HPRegen 0.23/turn               I - +6 ring of intelligence
MPRegen 0.56/turn               J - +6 ring of strength

@: divinely shielded, glowing
A: sickness immunity, AC +9, negative energy resistance 1, electricity
resistance, torment resistance 1, petrification resistance
a: Renounce Religion, Divine Shield, Cleansing Flame


You were on level 2 of the Lair of Beasts.
You worshipped the Shining One.
The Shining One was greatly pleased with you.
You visited 3 branches of the dungeon, and saw 16 of its levels.

You collected 989 gold pieces.

Inventory:

Hand Weapons
 w - a +5 whip of electrocution (weapon)
   (You took it off an orc on level 6 of the Dungeon)
Missiles
 c - 289 stones
 q - 7 poisoned darts
 E - 4 curare-tipped darts
 M - a boomerang
Armour
 f - a +0 cloak (worn)
   (You found it on level 6 of the Dungeon)
 G - a +0 pair of boots (worn)
   (You found it on level 8 of the Dungeon)
 K - a +4 ring mail of poison resistance (worn)
   (You found it on level 9 of the Dungeon)
Jewellery
 l - an amulet of magic regeneration (around neck)
   (You found it on level 3 of the Dungeon)
 s - a ring of resist corrosion
   (You took it off an orc priest on level 9 of the Dungeon)
 y - a ring of ice
   (You took it off Fannar on level 10 of the Dungeon)
 F - a ring of protection from cold
   (You found it on level 8 of the Dungeon)
 I - a +6 ring of intelligence (left hand)
   (You found it on level 9 of the Dungeon)
 J - a +6 ring of strength (right hand)
   (You found it on level 9 of the Dungeon)
Wands
 b - a wand of flame (2)
   (You took it off Eustachio on level 4 of the Dungeon)
 L - a wand of acid (8)
   (You found it on level 10 of the Dungeon)
Scrolls
 a - 3 scrolls of fog
 d - 2 scrolls of enchant weapon
 g - 2 scrolls of teleportation {@r4}
 h - 2 scrolls of immolation {unknown}
 i - 2 scrolls of enchant armour {unknown}
 o - 2 scrolls of fear {unknown}
 t - 2 scrolls of summoning
 u - a scroll of vulnerability {unknown}
 v - a scroll of magic mapping {unknown}
 H - 2 scrolls of noise {unknown}
 N - a scroll of amnesia {unknown}
Potions
 j - 3 potions of curing {@q1}
 k - 3 potions of mutation {!q}
 m - 2 potions of brilliance {unknown}
 n - 3 potions of attraction {!q}
 p - 2 potions of flight
 r - a potion of lignification {unknown}
 x - a potion of might {unknown}
 z - 2 potions of haste {@q3}
 B - a potion of berserk rage {unknown}
 C - 2 potions of ambrosia
 D - a potion of resistance {unknown}
 P - a potion of cancellation {unknown}
Miscellaneous
 e - a box of beasts
   (You found it on level 2 of the Lair of Beasts)


   Skills:
 + Level 8.7 Fighting
 * Level 10.2 Maces & Flails
 + Level 6.3 Armour
 - Level 3.0 Dodging
 - Level 2.1 Stealth
 - Level 4.0 Spellcasting
 * Level 12.4 Conjurations
 - Level 0.7 Transmutations
 * Level 13.8 Earth Magic
 + Level 6.3 Invocations


You had 9 spell levels left.
You knew the following spells:

 Your Spells              Type           Power      Damage    Failure   Level
a - Sandblast             Erth           100%       2d20      1%          1
b - Stone Arrow           Conj/Erth      100%       3d13      1%          3
c - Iskenderun's Battles  Conj           66%        2d12      1%          5
P - Passwall              Tmut/Erth      38%        N/A       1%          2

Your spell library contained the following spells:

 Spells                   Type           Power      Damage    Failure   Level
 Foxfire                  Conj/Fire      100%       2x1d9     1%          1
 Conjure Flame            Conj/Fire      40%        6-21      3%          3
 Petrify                  Tmut/Erth      46%        N/A       6%          4
 Animate Armour           Summ/Erth      88%        N/A       7%          4
 Flame Wave               Conj/Fire      40%        2d9       10%         4
 Irradiate                Conj/Tmut      21%        3d21      24%         5
 Fireball                 Conj/Fire      20%        3d10      26%         5
 Inner Flame              Hex/Fire       5%         N/A       36%         3
 Orb of Destruction       Conj           33%        9d10      54%         7
 Ice Form                 Ice/Tmut       7%         N/A       71%         4
 Summon Lightning Spire   Summ/Air       5%         N/A       77%         4
 Conjure Ball Lightning   Conj/Air       20%        3x3d6     83%         6
 Silence                  Hex/Air        2%         N/A       98%         5
 Eringya's Noxious Bog    Tmut/Pois      3%         N/A       100%        6
 Storm Form               Tmut/Air       3%         N/A       100%        7
 Maxwell's Capacitive Co  Air            2%         ∞         100%        8
 Chain Lightning          Conj/Air       20%        3d26      100%        9
 Fire Storm               Conj/Fire      20%        8d5       100%        9
 Shatter                  Erth           35%        3d28*     100%        9
 Sublimation of Blood     Necr           Unusable   N/A       N/A         2

Dungeon Overview and Level Annotations

Branches:
Dungeon (11/15)            Temple (1/1) D:5            Lair (4/6) D:8
 Shoals (0/4) Lair:3          Orc (0/2) D:9
  Snake: Lair:2-4    Spider: Lair:2-4

Altars:
Ashenzari
Dithmenos
Elyvilon
Kikubaaqudgha
Makhleb
Okawaru
Qazlal
Ru
Trog
Uskayaw
Wu Jian
Xom
Yredelemnul
Zin
The Shining One

Shops:
D:10 *

Annotations:
Lair:3 1 runed translucent door


Innate Abilities, Weirdness & Mutations

You are immune to sickness and miasma.
Your stone body is resilient. (AC +9)
You are immune to poison.
You resist negative energy. (rN+)
You are resistant to electric shocks. (rElec)
You are resistant to unholy torment.
You are immune to petrification.


Message History

* * * LOW HITPOINT WARNING * * *
The blink frog closely misses you.
A komodo dragon comes into view.
The bullfrog completely misses you.
A bullfrog comes into view.
The black mamba bites you but does no damage.
The rime drake bites the fungus.
The fungus begins to die.
The cane toad stings you!
* * * LOW HITPOINT WARNING * * *
Blink to where?
As you read the scroll of blinking, it crumbles to dust.
Okay, then.
Blink to where?
As you read the scroll of blinking, it crumbles to dust.
You imbue your battlesphere with additional charge.
Aim: a bullfrog (haloed, 80% to hit)
The stone arrow hits the bullfrog!!
You kill the bullfrog!
Your battlesphere fires!
The barrage of energy hits the blink frog!
Aim: a black mamba (moderately wounded, haloed, 73% to hit)
The stone arrow hits the black mamba!!
Your battlesphere fires!
The barrage of energy hits the black mamba!
You kill the black mamba!
The blink frog blinks!
Something bites the bush!
A black mamba comes into view.
The rime drake breathes ice at you. The flash freeze misses you.
A water moccasin comes into view.
The blink frog blinks!
Something gores the bush.
Something hits the bush.
Something gores the bush!
A catoblepas comes into view.
As you read the scroll of teleportation {@r4}, it crumbles to dust.
You feel strangely unstable.
The sentinel's mark upon you fades away.
Okay, then.
As you read the scroll of summoning, it crumbles to dust.
Wisps of shadow whirl around you...
A komodo dragon comes into view.
You swap places.
Your surroundings suddenly seem different.
Found 12 gold pieces.
You start resting.
You start resting.
A worm comes into view.
Aim: a worm (haloed, 94% to hit)
The stone arrow hits the worm!
Aim: a worm (severely wounded, haloed, 94% to hit)
The stone arrow hits the worm!!
You kill the worm!
A worm comes into view.
Aim: a worm (haloed, 94% to hit)
The stone arrow hits the worm!
Aim: a worm (severely wounded, haloed, 94% to hit)
The stone arrow hits the worm!!
You kill the worm!
You start resting.
You start resting.
A bullfrog comes into view.
Aim: a bullfrog (wandering, hasn't noticed you, haloed, 80% to hit)
The stone arrow hits the bullfrog!!
You kill the bullfrog!
You start resting.
You start resting.
Found a box of beasts.
Found a stone staircase leading down.
You now have 902 gold pieces (gained 12).
You now have 920 gold pieces (gained 18).
You now have 937 gold pieces (gained 17).
You now have 957 gold pieces (gained 20).
You now have 977 gold pieces (gained 20).
Key pressed, stopping explore.
You now have 989 gold pieces (gained 12).
A black mamba is nearby!
The black mamba hisses angrily.
Aim: a black mamba (haloed, 73% to hit)
The stone arrow hits the black mamba!
The black mamba bites you but does no damage.
The black mamba bites you!
Aim: a black mamba (moderately wounded, haloed, 73% to hit)
The stone arrow misses the black mamba.
The black mamba bites you.
Aim: a black mamba (moderately wounded, haloed, 73% to hit)
The stone arrow hits the black mamba!!
The black mamba bites you but does no damage. x2
Aim: a black mamba (severely wounded, haloed, 73% to hit)
The stone arrow hits the black mamba!
You kill the black mamba!
You see here a box of beasts.
e - a box of beasts
There is a stone staircase leading down here.
An eight-headed hydra comes into view.
The eight-headed hydra roars!
A boulder beetle comes into view.
There are monsters nearby!
There are monsters nearby!
There are monsters nearby!
Aim: an eight-headed hydra (haloed, 94% to hit)
The stone arrow hits the eight-headed hydra!!
Aim: an eight-headed hydra (moderately wounded, haloed, 94% to hit)
The stone arrow hits the eight-headed hydra!
Aim: an eight-headed hydra (heavily wounded, haloed, 94% to hit)
The stone arrow hits the eight-headed hydra!!
The eight-headed hydra bites you!
The eight-headed hydra bites you but does no damage. x2
The eight-headed hydra bites you.
The eight-headed hydra bites you but does no damage. x2
The eight-headed hydra closely misses you.
The eight-headed hydra bites you.
The boulder beetle curls into a ball and begins rolling!
You hit the eight-headed hydra.
The eight-headed hydra bites you but does no damage.
The eight-headed hydra closely misses you.
The eight-headed hydra bites you but does no damage.
The eight-headed hydra bites you!
The eight-headed hydra bites you but does no damage. x3
The eight-headed hydra barely misses you.
A divine shield forms around you! The boulder beetle closely misses you.
The boulder beetle stops rolling and uncurls.
You block the eight-headed hydra's attack.
The eight-headed hydra misses you.
The eight-headed hydra bites you but does no damage.
The eight-headed hydra bites you.
The eight-headed hydra bites you but does no damage.
The eight-headed hydra bites you.
The eight-headed hydra closely misses you.
The eight-headed hydra bites you but does no damage.
Aim: an eight-headed hydra (severely wounded, haloed, 94% to hit)
Okay, then.
Aim: an eight-headed hydra (severely wounded, haloed, 95% to hit)
The blast of sand hits the eight-headed hydra!
The boulder beetle barely misses you.
You block the eight-headed hydra's attack. x2
The eight-headed hydra bites you but does no damage.
The eight-headed hydra bites you.
The eight-headed hydra barely misses you.
The eight-headed hydra bites you but does no damage. x2
The eight-headed hydra bites you!
Aim: an eight-headed hydra (almost dead, haloed, 95% to hit)
The blast of sand hits the eight-headed hydra!!
You kill the eight-headed hydra!
The boulder beetle closely misses you.
Aim: a boulder beetle (haloed, 100% to hit)
The blast of sand hits the boulder beetle but does no damage.
The boulder beetle bites you!
* * * LOW HITPOINT WARNING * * *
The boulder beetle curls into a ball and begins rolling!
The boulder beetle hits you!!!
Ouch! That really hurt!
You die...

########...#
##......#...#
##.D......##..#
##..######○.##.#
#..##..≈.##..# .#
### ##.##≈....≈##.##
# ..#
#..#..#.P#..#.°# ###
#..#..#.>#..#B.#
###..#.##§.....#@.##
..#..#..##.≈..##..#
#..#.##..######^.##
...# ##........##
#### ##......##
########


You could see a boulder beetle (rolling).

Vanquished Creatures
  Fannar (D:10)
  3 hydras
  7 hell knights (D:11)
  A fire crab (Lair:4)
  2 necromancers (D:11)
  A lindwurm (Lair:4)
  A wolf spider (D:9)
  A cyclops (D:11)
  A manticore (D:11)
  3 black mambas
  3 centaur zombies
  A gargoyle (D:11)
  3 elephants (Lair:3)
  A rime drake (Lair:1)
  Maggie (D:7)
  6 cane toads
  6 komodo dragons
  An efreet (D:9)
  A troll (D:9)
  Grinder (D:5)
  A shadow (D:9)
  Sigmund (D:4)
  3 basilisks
  24 yaks
  4 wyverns
  Eustachio (D:4)
  3 vampire mosquitoes (D:10)
  A steam dragon (D:10)
  An acid dragon (D:11)
  6 water moccasins
  Duvessa (D:5)
  7 hell hounds (D:11)
  6 orc warriors
  A hornet zombie (D:5)
  2 ice beasts
  5 black bears
  A necrophage (D:6)
  An ogre (D:7)
  5 wolves (Lair:3)
  7 centaurs
  A phantom (D:4)
  4 kobold brigands
  9 bullfrogs
  A gnoll sergeant (D:6)
  6 scorpions
  Dowan (D:5)
  13 killer bees
  A wight (D:9)
  5 howler monkeys
  A bullfrog zombie (D:5)
  A centaur skeleton (D:7)
  A gnoll shaman (D:6)
  6 hounds
  6 orc priests
  3 iguanas
  8 orc wizards
  A killer bee zombie (D:8)
  2 howler monkey skeletons
  A howler monkey zombie (D:9)
  8 gnolls (D:6)
  8 adders
  2 shadow imps
  2 ufetubi
  4 worms
  3 dart slugs
  37 orcs
  9 ball pythons
  6 bats
  4 endoplasms
  2 giant cockroaches
  6 goblins
  10 hobgoblins
  19 kobolds
  5 quokkas
  7 frilled lizards
  6 rats
  A spectral orc (D:3)
336 creatures vanquished.

Vanquished Creatures (collateral kills)
  A deep troll earth mage (D:9)
  A kobold brigand (D:9)
  A centaur zombie (D:9)
  An orc wizard (D:9)
  2 bushes (Lair:2)
6 creatures vanquished.

Vanquished Creatures (others)
  58 bushes (Lair:2)
  31 fungi
  41 plants
  5 toadstools (D:9)
135 creatures vanquished.

Grand Total: 477 creatures vanquished

Notes
Turn   | Place    | Note
-------+----------+-------------------------------------------
     0 | D:1      | CryoSword the Gargoyle Earth Elementalist began the quest
                  | for the Orb.
     0 | D:1      | Reached XP level 1. HP: 10/10 MP: 3/3
   407 | D:1      | Reached XP level 2. HP: 16/16 MP: 1/5
   422 | D:1      | Reached skill level 1 in Conjurations
   545 | D:1      | Reached skill level 4 in Earth Magic
   573 | D:1      | Found a faded altar of an unknown god.
  1178 | D:2      | Reached XP level 3. HP: 19/20 MP: 6/6
  1215 | D:2      | Learned a level 2 spell: Passwall
  1219 | D:2      | Learned a level 3 spell: Stone Arrow
  1267 | D:2      | Reached skill level 1 in Fighting
  1267 | D:2      | Reached XP level 4. HP: 10/25 MP: 5/7
  1542 | D:2      | Found a bloodstained altar of Trog.
  2818 | D:3      | Reached XP level 5. HP: 20/29 MP: 6/8
  2976 | D:3      | Reached skill level 5 in Earth Magic
  3381 | D:3      | Found a basalt altar of Yredelemnul.
  3856 | D:4      | Noticed Eustachio
  3908 | D:4      | Noticed a phantom
  3923 | D:4      | Killed a phantom
  3924 | D:4      | Reached XP level 6. HP: 34/35 MP: 4/9
  3965 | D:4      | Found a hide-covered altar of Uskayaw.
  4031 | D:4      | Noticed Sigmund
  4037 | D:4      | Killed Sigmund
  4038 | D:4      | Reached skill level 6 in Earth Magic
  4038 | D:4      | Reached XP level 7. HP: 40/40 MP: 7/10
  4316 | D:4      | Killed Eustachio
  4376 | D:5      | Entered Level 5 of the Dungeon
  4418 | D:5      | Reached skill level 5 in Conjurations
  4718 | D:5      | Found a staircase to the Ecumenical Temple.
  4737 | D:5      | Reached skill level 7 in Earth Magic
  4750 | Temple   | Entered the Ecumenical Temple
  4915 | Temple   | Became a worshipper of the Shining One
  4979 | D:5      | Reached skill level 1 in Maces & Flails
  4979 | D:5      | Reached XP level 8. HP: 39/46 MP: 5/11
  5181 | D:5      | Noticed Dowan
  5311 | D:5      | Noticed Grinder
  5321 | D:5      | Killed Grinder
  5779 | D:5      | Found a shadowy altar of Dithmenos.
  5779 | D:5      | Found a sacrificial altar of Ru.
  6019 | D:6      | Reached skill level 8 in Earth Magic
  6397 | D:5      | Noticed Duvessa
  6403 | D:5      | Killed Duvessa
  6416 | D:5      | Killed Dowan
  6463 | D:6      | Reached XP level 9. HP: 43/52 MP: 5/12
  6598 | D:6      | Found an ornate altar of the Wu Jian Council.
  6601 | D:6      | Found a shimmering altar of Xom.
  6624 | D:6      | Reached * piety under the Shining One
  6770 | D:6      | Found a broken altar of Ashenzari.
  6774 | D:6      | Saw a vision of the Shoals and the Spider Nest.
  6774 | D:6      | Noticed a merfolk siren
  6774 | D:6      | Noticed a wolf spider
  6774 | D:6      | Noticed a wind drake
  6774 | D:6      | Noticed a merfolk
  6775 | D:6      | Noticed a merfolk siren
  6775 | D:6      | Noticed a merfolk
  7067 | D:6      | Reached skill level 9 in Earth Magic
  7068 | D:6      | Reached skill level 5 in Fighting
  7099 | D:6      | Got Sif Muna's Compendium of Earthen Feathers
  7510 | D:7      | Reached skill level 5 in Maces & Flails
  8026 | D:7      | Noticed Maggie
  8034 | D:7      | Killed Maggie
  8035 | D:7      | Reached XP level 10. HP: 60/60 MP: 2/13
  8302 | D:8      | Reached ** piety under the Shining One
  8308 | D:8      | Reached skill level 10 in Earth Magic
  8575 | D:8      | Reached skill level 1 in Armour
  8575 | D:8      | Reached skill level 1 in Invocations
  8681 | D:8      | Found a staircase to the Lair.
  9045 | D:8      | Learned a level 5 spell: Iskenderun's Battlesphere
  9256 | D:9      | Noticed a deep troll earth mage
  9262 | D:9      | Killed a deep troll earth mage
  9543 | D:9      | Found a staircase to the Orcish Mines.
  9822 | D:9      | Noticed a wolf spider
  9826 | D:9      | Reached XP level 11. HP: 63/66 MP: 2/15
  9839 | D:9      | Killed a wolf spider
  9840 | D:9      | Reached skill level 11 in Earth Magic
 10299 | D:9      | Got the Grimoire of Transformation
 10556 | D:10     | Entered Level 10 of the Dungeon
 10653 | D:10     | Found Ogezaov's Changing Room.
 10707 | D:10     | Noticed Fannar
 10756 | D:10     | Found an iron altar of Okawaru.
 11036 | D:10     | Reached *** piety under the Shining One
 11316 | D:10     | Reached skill level 10 in Conjurations
 11341 | D:10     | Killed Fannar
 11944 | D:11     | Noticed a manticore
 11947 | D:11     | Killed a manticore
 12535 | D:11     | Noticed a cyclops
 12543 | D:11     | Killed a cyclops
 12796 | D:11     | Noticed a five-headed hydra
 12801 | D:11     | Killed a five-headed hydra
 12802 | D:11     | Reached skill level 12 in Earth Magic
 12996 | D:11     | Reached XP level 12. HP: 72/72 MP: 5/17
 13086 | D:11     | Noticed a hell knight
 13181 | D:11     | Noticed a hell knight
 13307 | D:11     | Noticed a hell knight
 13310 | D:11     | Killed a hell knight
 13346 | D:11     | Noticed a hell knight
 13351 | D:11     | Noticed a hell knight
 13360 | D:11     | Killed a hell knight
 13362 | D:11     | Reached **** piety under the Shining One
 13362 | D:11     | Noticed a hell knight
 13423 | D:11     | Noticed a hell knight
 13432 | D:11     | Killed a hell knight
 13796 | D:11     | Killed a hell knight
 13911 | D:11     | Killed a hell knight
 13968 | D:11     | Killed a hell knight
 13969 | D:11     | Reached skill level 5 in Armour
 14013 | D:11     | Noticed a hell knight
 14018 | D:11     | Killed a hell knight
 14019 | D:11     | Reached skill level 5 in Invocations
 14472 | Lair:1   | Entered Level 1 of the Lair of Beasts
 14472 | Lair:1   | Noticed an eight-headed hydra
 14479 | Lair:1   | Killed an eight-headed hydra
 14632 | Lair:1   | Reached skill level 13 in Earth Magic
 15134 | Lair:1   | Reached XP level 13. HP: 50/78 MP: 8/19
 16073 | Lair:2   | You fall into a shaft and drop 2 floors!
 16138 | Lair:4   | Reached skill level 10 in Maces & Flails
 16422 | Lair:3   | Found a runed translucent door.
 16517 | Lair:3   | Found a staircase to the Shoals.
 17287 | Lair:2   | Demolished by a boulder beetle

Illustrated notes

Levels and vault maps discovered:
D:1:      amcnicky_arrival_choice, layout_basic,
          shapermc_ecumenical_altar_flowoftime, minmay_shallow_snake_nest
D:2:      layout_loops_corners, basic_altar, minivault_4
D:3:      layout_basic, yredelemnul_forgotten_temple_becter
D:4:      layout_gridville, nicolae_uskayaw_murder_on_the_dancefloor,
          uniq_eustachio, uniq_sigmund
D:5:      layout_rooms, gammafunk_temple_overflow_wave,
          minmay_temple_entry_glass, grunt_decor_fettered,
          kennysheep_generic_room_5, uniq_grinder, uniq_duvessa
D:6:      layout_basic, nicolae_overflow_hidden_temple,
          grunt_ashenzari_visionary [grunt_ashenzari_visionary_shoals,
          grunt_ashenzari_visionary_spider]
D:7:      layout_rooms, serial_corexii_hall, corexii_hall_statues_s,
          chequers_hall_statues_wall_a, uniq_maggie
D:8:      hellmonk_destroyed_diamonds, layout_cave_pools, dpeg_oklobed_lair
D:9:      layout_irregular_city, david_orc_3, minmay_gold_behind_fungi,
          hex_medium, minmay_the_grid_2x2 [minmay_the_grid_odd_star,
          minmay_the_grid_minigrid_medium, minmay_the_grid_spikes,
          minmay_the_grid_prize_diamond_cup]
D:10:     layout_long_grid, okawaru_ov_weapons_minmay,
          nicolae_transmutations_shop, uniq_fannar
D:11:     layout_loops_corners, minmay_rotating_lava
Temple:   minmay_temple_curvy_branch
Lair:1:   layout_cave_pods, serial_bayou_crossing, grunt_megastairs_2
Lair:2:   nzn_winding_woodlands_small [nzn_winding_woodlands_5x15_garden,
          nzn_winding_woodlands_center_pierced_h,
          nzn_winding_woodlands_5x15_crooked], layout_loops_ring,
          nicolae_spider_entry_non_spiders, minmay_hedge_maze, nzn_random_ring
Lair:3:   layout_roguey, minmay_shoals_entry_centaurs,
          hellmonk_ghost_happy_afterlife, beast_lair_carwin_9
Lair:4:   layout_cave_pods, wad_woods_03, grunt_megastairs_1

Skill      XL: |  1  2  3  4  5  6  7  8  9 10 11 12 13 |
---------------+----------------------------------------+-----
Conjurations   | 1 2 3 4 5 6 8 9 10 11 12 | 12.4
Earth Magic    | 4 5 6 7 8 9 10 12 13 | 13.8
Fighting       | 1 2 3 4 5 6 7 8 |  8.7
Dodging        | 2 3 |  3.0
Maces & Flails | 1 3 5 7 8 9 10 | 10.2
Armour         | 2 4 5 6 |  6.3
Invocations    | 2 4 5 6 |  6.3
Spellcasting   | 3 4 |  4.0
Stealth        | |  2.1
Transmutations | |  0.7

Action                   |  1- 3 |  4- 6 |  7- 9 | 10-12 | 13-15 || total
-------------------------+-------+-------+-------+-------+-------++-------
Melee: Mace              |    31 |   148 |    23 |       |       ||   202
       Flail             |       |       |    93 |       |       ||    93
       Whip              |       |       |    65 |   227 |    32 ||   324
       Punch             |       |       |     1 |     3 |       ||     4
 Cast: Sandblast         |    15 |    42 |    33 |    50 |    15 ||   155
       Stone Arrow       |       |       |    62 |   215 |    67 ||   344
       Iskenderun's Batt |       |       |       |     2 |    12 ||    14
Invok: Divine Shield     |       |       |       |     1 |     1 ||     2
  Use: Scroll            |       |       |    10 |     5 |     7 ||    22
       Potion            |       |       |       |     6 |       ||     6
 Stab: Sleeping          |       |     3 |     1 |       |       ||     4
Armor: Robe              |     9 |    77 |    66 |       |       ||   152
       Leather armour    |       |       |    31 |     6 |       ||    37
       Acid dragon scale |       |       |       |    49 |       ||    49
       Ring mail         |       |       |       |   117 |    75 ||   192
Dodge: Dodged            |    32 |   136 |   161 |   163 |    50 ||   542
Block: Other             |       |       |       |     4 |     3 ||     7
